 Dungeon Crawl Stone Soup version 0.19-a0-1899-g2d93087 (webtiles) character file.

207 Naow the Skirmisher (level 5, -1/59 HPs)
             Began as an Ogre Berserker on Oct 20, 2016.
             Was a Follower of Trog.
             Succumbed to Sigmund's poison
             ... on level 2 of the Dungeon.
             The game lasted 00:01:01 (701 turns).

Naow the Skirmisher (Ogre Berserker)                 Turns: 701, Time: 00:01:01

Health: -1/59      AC:  3    Str: 23    XL:     5   Next: 85%
Magic:  5/5        EV: 11    Int:  6    God:    Trog [*.....]
Gold:   7          SH:  0    Dex:  9    Spells: 0 memorised, 4 levels left

rFire  . . .     SeeInvis .     a - +0 mace
rCold  . . .     Gourm    .     b - +0 animal skin
rNeg   . . .     Faith    .     (no shield)
rPois  .         Spirit   .     (helmet restricted)
rElec  .         Reflect  .     (no cloak)
rCorr  .         Harm     .     (gloves unavailable)
MR     .....                    (boots unavailable)
Stlth  +.........               (no amulet)
                                (no ring)
                                (no ring)

@: lethally poisoned (-1 -> -22), exhausted, slowed, very slow
A: unfitting armour, tough skin 1
a: Berserk, Burn Spellbooks, Renounce Religion


You were on level 2 of the Dungeon.
You worshipped Trog.
Trog was aware of your devotion.
You were not hungry.

You visited 1 branch of the dungeon, and saw 2 of its levels.

You collected 7 gold pieces.

Inventory:

Hand Weapons
 a - a +0 mace (weapon)
Armour
 b - a +0 animal skin (worn)
Scrolls
 d - a scroll of fear {unknown}
 f - a scroll of fog {unknown}
 h - a scroll of immolation {unknown}
Potions
 e - a potion of magic
 g - a potion of curing {unknown}
Comestibles
 c - a bread ration


   Skills:
 + Level 6.0 Fighting
 + Level 5.6 Maces & Flails
 + Level 3.9 Dodging


You had 4 spell levels left.
You didn't know any spells.

Dungeon Overview and Level Annotations

Branches:
Dungeon (2/15)

Altars:


Innate Abilities, Weirdness & Mutations

You are too large for most types of armour.
You have tough skin. (AC +1)


Message History

Things that are here:
a scythe of venom; a robe; the human corpse of Sigmund You are too berserk!
You feel a strong urge to attack something.
* * * LOW HITPOINT WARNING * * *
You feel sick.
* * * LOW HITPOINT WARNING * * *
You feel sick.
You feel your anger subside.
You are no longer berserk.
You pass out from exhaustion.
You feel yourself slow down.
* * * LOW HITPOINT WARNING * * *
You feel sick.
* * * LOW HITPOINT WARNING * * *
You feel sick.
* * * LOW HITPOINT WARNING * * *
You feel sick.
You can move again.
It was a potion of magic.
Magic courses through your body.
You die...

#. .# . #. .# .# #.
.# #.## #. .#$....
#. ####.#...##
.#####.###..........
.......#.@..........
.........###)....##
########<# #.....#
#.# #.##..# #.. ..#
.# ###.### .. .# .#
. # ..


There were no monsters in sight!

Vanquished Creatures
  Sigmund (D:2)
  Natasha (D:2)
  2 dart slugs (D:1)
  2 bats (D:1)
  A giant cockroach (D:1)
  3 goblins (D:1)
  2 hobgoblins (D:1)
  3 jackals (D:1)
  3 frilled lizards (D:1)
  A kobold (D:1)
  2 rats (D:1)
21 creatures vanquished.

Notes
Turn   | Place    | Note
-------+----------+-------------------------------------------
     0 | D:1      | Naow the Ogre Berserker began the quest for the Orb.
     0 | D:1      | Reached XP level 1. HP: 24/24 MP: 1/1
   132 | D:1      | Reached XP level 2. HP: 24/33 MP: 2/2
   621 | D:1      | Reached XP level 3. HP: 41/41 MP: 3/3
   679 | D:2      | Noticed Natasha
   684 | D:2      | Killed Natasha
   684 | D:2      | Reached skill level 5 in Fighting
   686 | D:2      | Noticed Sigmund
   694 | D:2      | Killed Sigmund
   694 | D:2      | Reached skill level 6 in Fighting
   694 | D:2      | Reached skill level 5 in Maces & Flails
   694 | D:2      | Reached XP level 4. HP: 14/52 MP: 4/4
   694 | D:2      | Reached XP level 5. HP: 16/59 MP: 5/5
   700 | D:2      | HP: 2/59 [poisoned by Sigmund]
   701 | D:2      | Succumbed to Sigmund's poison

Vault maps used:
D:1:      dpeg_arrival_arbitrary_a
D:2:      kennysheep_goblin_castle, minmay_overflow_temple_star_quad,
          overflow_temple_1_default, uniq_iyjb, uniq_natasha, uniq_sigmund

Skill      XL: |  1  2  3 |
---------------+----------+-----
Dodging        | 3 |  3.9
Fighting       | 6 |  6.0
Maces & Flails | 5 |  5.6

Action                   |  1- 3 |  4- 6 || total
-------------------------+-------+-------++-------
Melee: Mace              |    67 |       ||    67
Invok: Berserk           |     1 |       ||     1
  Use: Potion            |       |     1 ||     1
 Stab: Sleeping          |     1 |       ||     1
Armor: Animal skin       |    16 |       ||    16
Dodge: Dodged            |    32 |       ||    32
